Description

For Team Games like 2x2, 3x3, 4x4

Build Order

Get SALT Encoding   

  12  0:01  Drone  
  13  0:08  Drone  
  14  0:14  Extractor x2  
  14  0:17  Drone  
  13  0:22  Drone  
  14  0:43  Spawning Pool  
  14  0:48  Drone  
  14  1:03  Overlord  
  14  1:22  Drone x3  
  17  1:42  Lair  
  17  1:48  Drone x2  
  19  2:01  Overlord  
  19  2:13  Overlord  
  19  2:40  Spire  
  19  2:42  Queen  
  20  2:49  Overlord  
  22  3:06  Overlord  Stop making drones on 24 supply (1 Queen and 22 Drones)
  24  3:52  Mutalisk x5  
  34  4:00  Mutalisk  
  36  4:07  Zerg Flyer Weapons Level 1  
  36  4:14  Mutalisk  
  38  4:22  Mutalisk  
Spawning Tool Build Advisor. Get it on Overwolf

Analysis

Mutas is a very fast unit that can attack the enemy's economic, but if our opponent make mass phoenix, our mutalisks became useless :(

Please don't forget that this build was made for fun, you can't kill everything with only 6-8 mutas, especially if you have a bad micro, but you always can play with your friends (if they are) and make some multitask attacks with mutas on first player and drops from Terran or Protoss on second player, GLHF :D

Go to:

Details

  • Created by: MaXGrig 
  • Published on: Nov 09, 2019
  • Modified on: Nov 09, 2019
  • Patch: 4.7.1
Show
View Real Time Build Order
Export as new Build Order

Comments (0)

There are no comments. Be the first!

Create an account to comment!